 Dungeon Sprint DCSS version 0.20.1-1-g8b1a95d (webtiles) character file.

12350 wojtek the Bludgeoner (level 11, -5/169 HPs)
             Began as a Minotaur Fighter on Dec 31, 2017.
             Was a Priest of Trog.
             Killed by an exploding ball lightning (9 damage)
             ... created by Lom Lobon
             ... in the Dungeon (Sprint I: "Red Sonja").
             The game lasted 00:13:29 (4539 turns).

wojtek the Bludgeoner (Minotaur Fighter)            Turns: 4539, Time: 00:13:31

Health: -5/169     AC: 32    Str: 25    XL:     11   Next: 61%
Magic:  10/10      EV:  2    Int:  5    God:    Trog [***...]
Gold:   442        SH: 12    Dex:  9    Spells: 10/10 levels left

rFire    . . .     SeeInvis .   o - +1 morningstar (protect)
rCold    . . .     Gourm    .   c - +1 shield
rNeg     + + +     Faith    .   (armour currently unavailable)
rPois    +         Spirit   .   (helmet currently unavailable)
rElec    .         Reflect  .   (cloak currently unavailable)
rCorr    .         Harm     .   (gloves currently unavailable)
MR       ++...     NoTele   +   (boots currently unavailable)
Stlth    +.........             (no amulet)
Regen    1.4/turn               m - ring of flight
MPRegen  0.2/turn               (no ring)

@: lethally poisoned (-5 -> -5), tree-form, protection aura, berserk cooldown,
very slightly contaminated, regenerating, slowed, very slow
A: (retaliatory headbutt)
a: Berserk, Trog's Hand, Burn Spellbooks, Renounce Religion


You were in the Dungeon.
You worshipped Trog.
Trog was most pleased with you.
You were not hungry.
You were a tree.
You visited 1 branch You collected 1559 gold pieces.
You spent 1117 gold pieces at shops.

Inventory:

Hand Weapons
 a - a +0 flail
 o - a +1 morningstar of protection (weapon)
 r - a +2 flail of holy wrath
 t - a +1 antimagic morningstar
 w - a +5 antimagic executioner's axe
Missiles
 v - 2 poisoned javelins (quivered)
Armour
 b - a +0 scale mail
 c - a +1 shield (worn)
 u - the +9 ring mail of Imperfection (melded) {rC++ Regen+ Int-4}
   (You bought it in a shop in the Dungeon)

   It affects your intelligence (-4).
   It greatly protects you from cold.
   It increases your rate of regeneration.
Jewellery
 m - a ring of flight (left branch)
Wands
 l - a wand of polymorph (9/24)
Scrolls
 s - a scroll of identify
Potions
 d - a potion of might
 e - 3 potions of curing
 h - a potion of haste
 i - 2 potions of magic
 j - a potion of berserk rage
Comestibles
 f - 3 bread rations


   Skills:
 + Level 15.4 Fighting
 * Level 20.4 Maces & Flails
 + Level 15.4 Armour
 + Level 13.4 Dodging
 - Level 6.6 Shields


You had 10 spell levels left.
You didn't know any spells.

Dungeon Overview and Level Annotations

Branches:
Dungeon (1/1)

Altars:
Cheibriados
Dithmenos
Elyvilon
Fedhas
Gozag
Hepliaklqana
Kikubaaqudgha
Makhleb
Nemelex Xobeh
Okawaru
Qazlal
Ru
Sif Muna
Trog
Uskayaw
Vehumet
Xom
Yredelemnul
Zin
The Shining One
Jiyva
Lugonu

Shops:
D =[%[(![!*((%*}[*

Annotations:
D Lom Lobon


Innate Abilities, Weirdness & Mutations

((You reflexively headbutt those who attack you in melee.))
((You have a pair of horns on your head.))


Message History

The blast of lightning engulfs the ball lightning.
The ball lightning completely resists.
Lom Lobon blinks!
The ball lightning explodes!
The blast of lightning engulfs the ball lightning.
The ball lightning completely resists.
The blast of lightning engulfs you!
* * * LOW HITPOINT WARNING * * *
Unknown command.
You hit the ball lightning.
Your weapon exudes an aura of protection.
The ball lightning explodes!
The blast of lightning engulfs you!
* * * LOW HITPOINT WARNING * * *
The blast of lightning engulfs the ball lightning.
The ball lightning completely resists.
Trog accepts your kill.
You feel sick.
The ball lightning explodes!
The blast of lightning engulfs the ball lightning.
The ball lightning completely resists.
The blast of lightning engulfs you!
You die...

########################
#§.)§'.§§§§.'..#^^+§..§#
#§####.§§..##..'^^#§§§§##
#.# ##§§§#######)#§.§§.#
'§# ###+# #..#§§§§§# ###
#♣.##.§§§# ..# #..§###+##
.§+ #§.≈.)# .§# #*.≈.##
§§# #.&≈## .## ###.*≈# §#
#§≈..## +# #§≈..# ###§§#


You could see Lom Lobon and 2 ball lightnings.

Vanquished Creatures
  A deep elf annihilator (D)
  A mummy priest (D)
  A hydra (D)
  2 centaur warriors (D)
  A lindwurm (D)
  A deep troll (D)
  2 oklob plants (D)
  A gargoyle (D)
  2 kobold demonologists (D)
  4 demonic crawlers (D)
  A hellwing (D)
  5 hornets (D)
  A slime creature (D)
  Sigmund (D)
  2 redbacks (D)
  A yak (D)
  13 hogs (D)
  2 floating eyes (D)
  7 necrophages (D)
  An ogre (D)
  8 jellies (D)
  Ijyb (D)
  A ball lightning (D)
60 creatures vanquished.

Vanquished Creatures (collateral kills)
  2 merfolk sirens (D)
  A floating eye (D)
3 creatures vanquished.

Vanquished Creatures (others)
  A gargoyle (D)
  5 ball lightnings (D)
  A block of ice (D)
7 creatures vanquished.

Grand Total: 70 creatures vanquished

Notes
Turn   | Place    | Note
-------+----------+-------------------------------------------
     0 | D        | wojtek the Minotaur Fighter began the quest for the Orb.
     0 | D        | Reached XP level 1. HP: 19/19 MP: 0/0
     1 | D        | Noticed Ijyb
    24 | D        | Killed Ijyb
    24 | D        | Reached skill level 5 in Maces & Flails
    24 | D        | Reached XP level 2. HP: 2/28 MP: 1/1
   306 | D        | Noticed an ogre
   311 | D        | Killed an ogre
   311 | D        | Reached skill level 8 in Maces & Flails
   311 | D        | Reached XP level 3. HP: 8/38 MP: 2/2
   311 | D        | Reached XP level 4. HP: 10/45 MP: 3/3
   397 | D        | Killed a gargoyle
   542 | D        | Noticed Sigmund
   556 | D        | Killed Sigmund
   556 | D        | Reached skill level 10 in Maces & Flails
   556 | D        | Reached skill level 5 in Shields
   556 | D        | Reached XP level 5. HP: 33/53 MP: 4/4
   556 | D        | Reached XP level 6. HP: 38/61 MP: 5/5
   704 | D        | Found a burning altar of Makhleb.
   704 | D        | Found a viscous altar of Jiyva.
   704 | D        | Found a shimmering altar of Xom.
   704 | D        | Found a corrupted altar of Lugonu.
   704 | D        | Noticed a slime creature
   712 | D        | Killed a slime creature
   712 | D        | Reached skill level 11 in Maces & Flails
   790 | D        | Found a deep blue altar of Sif Muna.
   792 | D        | Found a radiant altar of Vehumet.
   794 | D        | Reached skill level 5 in Dodging
   825 | D        | Found Sioragh's Jewellery Emporium.
   825 | D        | Found an ancient bone altar of Kikubaaqudgha.
   825 | D        | Found a hazy altar of Hepliaklqana.
   825 | D        | Found a stormy altar of Qazlal.
   825 | D        | Found a hide-covered altar of Uskayaw.
   825 | D        | Found a blossoming altar of Fedhas.
   825 | D        | Found a bloodstained altar of Trog.
   825 | D        | Found an iron altar of Okawaru.
   825 | D        | Found a basalt altar of Yredelemnul.
   825 | D        | Found a glowing golden altar of the Shining One.
   825 | D        | Found a snail-covered altar of Cheibriados.
   825 | D        | Found a sacrificial altar of Ru.
   825 | D        | Found a glowing silver altar of Zin.
   825 | D        | Found a shadowy altar of Dithmenos.
   825 | D        | Found a white marble altar of Elyvilon.
   825 | D        | Noticed a yak
   830 | D        | Killed a yak
   830 | D        | Reached XP level 7. HP: 69/70 MP: 6/6
   831 | D        | Found an opulent altar of Gozag.
   832 | D        | Found a sparkling altar of Nemelex Xobeh.
   837 | D        | Became a worshipper of Trog the Wrathful
   861 | D        | Noticed a kobold demonologist
   862 | D        | Noticed a kobold demonologist
   863 | D        | Reached skill level 12 in Maces & Flails
   866 | D        | Noticed a hellwing
   873 | D        | Killed a kobold demonologist
   873 | D        | Reached * piety under Trog
   873 | D        | Reached skill level 13 in Maces & Flails
   878 | D        | Killed a kobold demonologist
   878 | D        | Reached skill level 10 in Fighting
   878 | D        | Reached skill level 10 in Armour
   878 | D        | Reached XP level 8. HP: 60/80 MP: 7/7
   966 | D        | Noticed a centaur warrior
   975 | D        | Noticed a centaur warrior
   992 | D        | Killed a centaur warrior
   992 | D        | Reached ** piety under Trog
   992 | D        | Reached skill level 14 in Maces & Flails
   996 | D        | Killed a centaur warrior
   996 | D        | Reached skill level 15 in Maces & Flails
   996 | D        | Reached XP level 9. HP: 42/90 MP: 8/8
  1378 | D        | Noticed a deep troll
  1389 | D        | Killed a deep troll
  1389 | D        | Reached skill level 16 in Maces & Flails
  1401 | D        | Found Sepp's Armour Emporium.
  1681 | D        | Noticed an oklob plant
  1690 | D        | Killed an oklob plant
  1690 | D        | Reached *** piety under Trog
  1690 | D        | Reached skill level 10 in Dodging
  1786 | D        | Reached XP level 10. HP: 78/100 MP: 9/9
  2011 | D        | Reached **** piety under Trog
  2026 | D        | Reached ***** piety under Trog
  2027 | D        | Reached skill level 17 in Maces & Flails
  2090 | D        | Found Oprenn's Food Shoppe.
  2090 | D        | Found Winigh's Armour Shop.
  2090 | D        | Found Teitec's Armour Boutique.
  2092 | D        | Found Umoah's Antique Weapon Emporium.
  2092 | D        | Found Zeiplukao's Distillery.
  2092 | D        | Found Zathe's Antique Armour Shoppe.
  2092 | D        | Found Rearoud's Distillery.
  2092 | D        | Found Panenn's Assorted Antiques.
  2092 | D        | Found Imotai's Antique Weapon Shop.
  2092 | D        | Found Josieda's Weapon Shoppe.
  2095 | D        | Bought a bread ration for 55 gold pieces
  2097 | D        | Found Dyifu's Food Boutique.
  2098 | D        | Found Eratig's Gadget Emporium.
  2098 | D        | Found Kyttut's General Store.
  2099 | D        | Found Bugefet's Assorted Antiques.
  2107 | D        | Bought a scroll of identify for 24 gold pieces
  2109 | D        | Bought 2 potions of curing for 72 gold pieces
  2179 | D        | Reached ****** piety under Trog
  2279 | D        | Noticed a lindwurm
  2281 | D        | Killed a lindwurm
  2281 | D        | Received a gift from Trog
  2281 | D        | Reached skill level 18 in Maces & Flails
  2348 | D        | Received a gift from Trog
  2353 | D        | Reached XP level 11. HP: 86/106 MP: 10/10
  2363 | D        | Reached skill level 19 in Maces & Flails
  2468 | D        | Noticed a 12-headed hydra
  2476 | D        | Paralysed by a floating eye for 2 turns
  2477 | D        | HP: 8/160 [12-headed hydra (3)]
  2478 | D        | Killed a 12-headed hydra
  3613 | D        | Bought the +9 ring mail of Imperfection {rC++ Regen+ Int-4} for 716 gold pieces
  3654 | D        | Bought a bread ration for 70 gold pieces
  3654 | D        | Bought a bread ration for 70 gold pieces
  3662 | D        | Bought a bread ration for 55 gold pieces
  3662 | D        | Bought a bread ration for 55 gold pieces
  3803 | D        | Noticed a deep elf annihilator
  3814 | D        | Received a gift from Trog
  3838 | D        | Received a gift from Trog
  3993 | D        | Killed a deep elf annihilator
  3993 | D        | Reached skill level 15 in Fighting
  3993 | D        | Reached skill level 15 in Armour
  3999 | D        | Paralysed by a hornet for 2 turns
  4002 | D        | Reached skill level 20 in Maces & Flails
  4112 | D        | Noticed a mummy priest
  4125 | D        | Noticed an oklob plant
  4246 | D        | Noticed a sixfirhy
  4246 | D        | Killed a mummy priest
  4385 | D        | Killed an oklob plant
  4514 | D        | Noticed Lom Lobon
  4539 | D        | HP: 4/169 [ball lightning[Lom Lobon] (5)]
  4539 | D        | Killed by an exploding ball lightning

Skill      XL: |  1  2  3  4  5  6  7  8  9 10 11 |
---------------+----------------------------------+-----
Fighting       | 4 6 7 9 10 11 12 14 15 | 15.4
Maces & Flails | 5 8 10 11 13 15 16 18 20 | 20.4
Armour         | 4 6 7 9 10 11 12 14 15 | 15.4
Dodging        | 3 5 7 9 10 12 13 | 13.4
Shields        | 5 6 |  6.6

Action                   |  1- 3 |  4- 6 |  7- 9 | 10-12 || total
-------------------------+-------+-------+-------+-------++-------
Melee: Flail             |    26 |    22 |    61 |    41 ||   150
       Headbutt          |     3 |     4 |    14 |    41 ||    62
       Morningstar       |       |       |       |   148 ||   148
Invok: Berserk           |       |       |     2 |     4 ||     6
       Brothers in Arms  |       |       |       |     8 ||     8
       Trog's Hand       |       |       |       |     1 ||     1
 Abil: Evoke Flight      |       |       |       |     4 ||     4
  Use: Scroll            |       |       |       |     3 ||     3
       Potion            |       |       |       |     2 ||     2
  Eat: Chunk             |       |       |     2 |     1 ||     3
       Royal jelly       |       |       |     1 |       ||     1
       Bread ration      |       |       |       |     4 ||     4
Armor: Scale mail        |     6 |     4 |    13 |    75 ||    98
       Ring mail         |       |       |       |    17 ||    17
       Skin              |       |       |       |     1 ||     1
Dodge: Dodged            |     6 |     4 |    18 |    82 ||   110
Block: Shield            |     5 |     4 |    34 |    88 ||   131
